Map: Kairos Junction LE

Players

HeroMarine

  • Race: Terran Terran
  • Spawn Location: 5:00

Reynor - Winner!

  • Race: Zerg Zerg
  • Spawn Location: 11:00

Event: 2019 WCS Spring

VOD

Have the link to the VOD?

Description

Time

  • Played on: May 18, 2019, 2:50 p.m.
  • Length: 10:35

All games in this series

Show
View Real Time Build Order
Export as new Build Order

HeroMarine Terran 

Build Orders: Gas First Reaper Expand, Mech, Banshee Rush 

Get SALT Encoding   

  12  0:00  SCV  
  13  0:12  SCV  
  14  0:17  Supply Depot  
  14  0:25  SCV  
  15  0:29  Refinery  
  15  0:38  SCV  
  16  0:44  Barracks  
  16  0:50  SCV  
  17  1:03  SCV  
  18  1:15  SCV  
  19  1:31  Orbital Command, Reaper  
  20  1:41  Command Center  
  20  1:51  Factory  
  20  1:56  SCV  
  21  2:06  Barracks Reactor  
  21  2:07  Refinery  
  21  2:08  SCV  
  21  2:13  Supply Depot  
  22  2:20  SCV  
  23  2:34  SCV  
  24  2:37  Starport  
  24  2:42  Marine  
  24  2:43  Marine  
  26  2:45  Factory Tech Lab  
  26  2:46  SCV  
  27  2:53  Orbital Command  
  27  2:59  SCV  
  27  3:01  Marine x2  
  30  3:11  SCV  
  31  3:14  Factory Tech Lab  
  31  3:19  Marine x2  
  33  3:20  SCV  
  33  3:23  SCV  
  33  3:25  Banshee, Cloaking Field  
  38  3:30  Supply Depot  
  38  3:33  SCV  
  39  3:35  SCV  
  39  3:36  Marine  
  39  3:37  Marine  
  42  3:47  SCV  
  44  3:49  Siege Tank, Supply Depot  
  44  3:51  SCV  
  44  3:55  Supply Depot  
  47  3:57  Marine  
  47  3:59  SCV  
  47  4:01  Marine  
  50  4:03  SCV  
  50  4:08  Banshee  
  54  4:11  SCV  
  54  4:15  SCV  
  56  4:18  Marine  
  56  4:19  Marine  
  56  4:23  SCV  
  59  4:28  SCV  
  59  4:30  Siege Tank  
  63  4:35  SCV  
  63  4:37  Command Center  
  63  4:38  Marine x2  
  66  4:41  SCV  
  66  4:45  Supply Depot  
  67  4:47  SCV  
  67  4:53  SCV  
  67  4:57  Refinery  
  67  4:58  Refinery  
  69  5:00  SCV  
  69  5:05  SCV  
  69  5:06  Banshee  
  73  5:09  Supply Depot  
  73  5:10  Armory  
  73  5:12  SCV  
  74  5:16  Hellion x2  
  78  5:30  SCV x2  
  78  5:31  Supply Depot  
  79  5:40  Hellion x2  
  79  5:42  SCV x2  
  84  5:44  Factory  
  84  5:45  Factory  
  84  5:52  Orbital Command  
  84  5:54  Banshee, SCV x2  
  89  5:57  Hyperflight Rotors  
  89  6:06  SCV x2  
  89  6:08  Barracks Tech Lab  
  91  6:11  Terran Vehicle And Ship Armor Level 1  
  91  6:13  Hellion x2  
  91  6:16  Supply Depot  
  95  6:19  SCV x2  
  97  6:26  Orbital Command  
  97  6:31  SCV x2  
  99  6:36  Siege Tank  
  99  6:37  Banshee  
  105  6:40  Hellion x2  
  105  6:43  SCV x2  
  103  6:48  Siege Tank  
  103  6:54  SCV, Supply Depot  
  107  6:55  SCV x2  
  109  7:04  Hellion x2, Refinery  
  109  7:05  Refinery  
  109  7:06  SCV  
  109  7:07  SCV x2  
  116  7:13  Siege Tank  
  116  7:18  SCV  
  116  7:19  SCV x2  
  116  7:20  Banshee, Siege Tank  
  125  7:24  Supply Depot  
  125  7:26  Supply Depot  
  125  7:28  Supply Depot  
  125  7:30  SCV  
  125  7:31  SCV  
  125  7:33  Engineering Bay  
  125  7:35  SCV  
  128  7:39  Mag-Field Accelerator  
  128  7:41  Factory  
  128  7:42  Factory  
  128  7:50  SCV x3  
  131  7:55  Cyclone x2  
  137  8:05  Hellion x2  
  142  8:15  Terran Vehicle And Ship Armor Level 2, Command Center  
  142  8:17  Armory  
  142  8:19  Banshee  
  144  8:21  Missile Turret  
  144  8:28  Cyclone  
  144  8:29  Cyclone, Factory Reactor  
  144  8:30  Factory Tech Lab  
  144  8:31  Hellion x2  
  154  8:59  Cyclone  
  154  9:00  Hellion x2  
  154  9:01  Cyclone x2  
  149  9:06  Banshee  
  149  9:07  Hellion x2  
  112  9:21  Hellion x2  
  113  9:28  Hellion, SCV x3  
  113  9:29  Hellion  
  113  9:31  Cyclone  
  123  9:33  Cyclone x2  
  129  9:40  SCV x2  
  129  9:42  Hellion x2  
  134  9:50  Hellion x2  
  96  10:03  Cyclone  
  96  10:04  Hellion x2  
  102  10:07  SCV x2  
  102  10:11  Hellion x2  
  104  10:14  Hellion x4  
  104  10:16  Factory  
  104  10:23  SCV x2  
Show
View Real Time Build Order
Export as new Build Order

Reynor Zerg - Winner!

Build Orders: Hatch First, Swarm Host 

Get SALT Encoding   

  12  0:01  Drone  
  13  0:12  Overlord  
  13  0:17  Drone  
  14  0:30  Drone x2  
  16  0:49  Hatchery  
  15  0:51  Drone  
  15  0:55  Drone  
  17  0:58  Drone  
  18  1:09  Extractor  
  17  1:14  Spawning Pool  
  17  1:17  Drone  
  17  1:20  Drone  
  18  1:27  Drone  
  19  1:38  Drone  
  20  1:50  Overlord  
  21  2:01  Zergling x4  
  21  2:02  Queen x2  
  26  2:11  Drone x2  
  28  2:24  Hatchery  
  28  2:26  Drone  
  28  2:29  Drone  
  29  2:33  Metabolic Boost  
  29  2:36  Drone  
  30  2:40  Drone  
  30  2:43  Drone  
  32  2:48  Queen  
  34  2:53  Overlord  
  34  2:56  Drone  
  34  2:58  Drone  
  36  3:11  Overlord  
  36  3:12  Drone x4  
  40  3:16  Drone  
  41  3:21  Drone  
  41  3:25  Queen  
  41  3:26  Overlord  
  44  3:31  Drone  
  45  3:35  Drone  
  45  3:36  Roach Warren  
  45  3:37  Drone  
  46  3:42  Zergling x4  
  46  3:44  Overlord  
  46  3:45  Drone  
  46  3:47  Drone  
  50  3:48  Drone  
  51  3:55  Overlord  
  51  3:56  Drone x3  
  54  4:06  Zergling x2  
  54  4:07  Drone  
  54  4:08  Overlord  
  56  4:18  Roach x3, Spore Crawler  
  56  4:21  Roach x4  
  69  4:24  Drone  
  69  4:30  Drone, Extractor  
  69  4:31  Queen  
  69  4:32  Extractor  
  69  4:33  Roach x2  
  69  4:37  Drone x3  
  77  4:42  Drone  
  80  4:48  Overlord  
  80  4:52  Spore Crawler  
  79  4:53  Drone x2  
  79  4:55  Drone x2  
  79  4:57  Spore Crawler  
  78  5:01  Drone x3  
  78  5:04  Overlord  
  78  5:06  Drone  
  82  5:08  Lair  
  82  5:10  Drone x3  
  82  5:11  Drone  
  82  5:12  Drone  
  87  5:14  Drone  
  87  5:15  Drone  
  87  5:20  Zergling x6  
  90  5:22  Ravager  
  90  5:23  Ravager  
  90  5:27  Zergling x6  
  95  5:29  Extractor  
  95  5:31  Overlord  
  95  5:34  Zergling x4  
  96  5:38  Drone x2  
  96  5:40  Ravager  
  96  5:41  Drone  
  98  5:43  Overlord  
  98  5:47  Overlord  
  98  5:49  Overlord  
  98  5:50  Drone x3  
  98  5:56  Extractor, Drone  
  98  5:57  Drone, Extractor, Queen  
  102  5:58  Evolution Chamber  
  102  5:59  Evolution Chamber  
  101  6:04  Drone x3  
  101  6:05  Drone x3  
  101  6:06  Overseer  
  101  6:08  Glial Reconstitution  
  107  6:12  Pneumatized Carapace, Zergling x2  
  107  6:13  Overseer  
  107  6:17  Drone  
  107  6:18  Drone  
  107  6:26  Roach x4  
  107  6:27  Roach  
  107  6:28  Overlord  
  116  6:35  Drone x4  
  116  6:36  Drone x2  
  116  6:38  Drone  
  115  6:42  Drone  
  116  6:49  Zerg Missile Weapons Level 1  
  116  6:50  Zerg Ground Armor Level 1  
  116  6:54  Hatchery  
  116  6:59  Infestation Pit  
  114  7:05  Drone x2  
  116  7:09  Overlord  
  116  7:10  Roach x4  
  116  7:15  Overlord  
  121  7:24  Overlord  
  121  7:38  Swarm Host x9  
  121  7:41  Swarm Host  
  121  7:44  Queen x2  
  151  7:46  Swarm Host  
  151  7:48  Overlord  
  158  7:56  Swarm Host  
  161  8:01  Overlord  
  161  8:07  Roach x7  
  161  8:09  Drone, Overlord  
  176  8:16  Overlord  
  176  8:19  Swarm Host x2  
  176  8:26  Spine Crawler  
  179  8:27  Queen  
  179  8:31  Ravager  
  179  8:32  Ravager x3  
  185  8:39  Roach x6  
  197  8:42  Overlord  
  197  8:48  Queen, Overlord  
  185  8:58  Roach x6  
  185  9:02  Roach x3  
  178  9:08  Roach x4  
  172  9:12  Roach x2, Zergling x8  
  168  9:18  Roach x2  
  168  9:22  Roach x4  
  177  9:25  Roach  
  177  9:27  Queen  
  177  9:28  Extractor, Spore Crawler  
  179  9:32  Ravager  
  179  9:34  Roach x4  
  185  9:40  Ravager  
  185  9:42  Roach x3  
  189  9:48  Roach  
  189  9:49  Roach x3  
  189  9:51  Roach  
  189  9:52  Roach  
  198  9:58  Overlord  
  196  10:01  Hydralisk Den  
  196  10:06  Drone x4  
  196  10:07  Drone x2  
  199  10:10  Extractor  
  199  10:12  Drone  
Tags
 
Add a new tag
Caveats
  • Supply blocks, unpowered buildings, or Contaminate may cause inaccurate times.
  • Supply counts are checked every 10 seconds.